[Event "December 19 Early 2023"]
[Site "https://www.chess.com"]
[Date "2023.12.19"]
[Round "1"]
[White "Jones, Gawain C B"]
[Black "Kurmangaliyeva, Liya"]
[Result "1-0"]
[Board "47"]
[TimeControl "180+1"]
[WhiteFideId "409561"]
[BlackFideId "13725831"]
[WhiteElo "2645"]
[BlackElo "2077"]
[WhiteTeam "ENG"]
[BlackTeam "KAZ"]
[WhiteClock "0:00:03"]
[BlackClock "0:00:00"]

1. Nf3 d5 2. g3 b6 3. c4 dxc4 4. Qa4+ Nd7 5. Bg2 Bb7 6. O-O e6 7. Rd1 Bd6 8. Na3 Nf6 9. Nxc4 O-O 10. Nxd6 cxd6 11. d3 h6 12. Bf4 e5 13. Be3 Nc5 14. Qa3 Ng4 15. d4 Nxe3 16. Qxe3 exd4 17. Qxd4 Re8 18. b4 Ne4 19. Rac1 d5 20. Ne5 Qf6 21. Nf3 Qe7 22. Ne1 Rac8 23. Nd3 Nf6 24. Nf4 Rxc1 25. Rxc1 Qd7 26. Rd1 Rd8 27. a3 Bc6 28. Nd3 Qe6 29. Qe5 Bb5 30. Qxe6 fxe6 31. Nf4 Kf7 32. Bh3 Rd6 33. Rc1 Bc4 34. Nd3 Bxd3 35. exd3 Rd7 36. f4 Re7 37. Kf2 Ne8 38. Ke3 Rc7 39. Rxc7+ Nxc7 40. a4 Kf6 41. Kd4 Ne8 42. f5 exf5 43. Kxd5 Ke7 44. Bxf5 Nd6 45. Bg4 Nf7 46. d4 g6 47. Kc6 Nd6 48. a5 bxa5 49. bxa5 Nc4 50. a6 Nd6 51. Bh3 h5 52. d5 g5 53. Be6 h4 54. gxh4 gxh4 55. Kc7 Nb5+ 56. Kc6 Nd6 57. Bh3 Nc4 58. Bf1 Ne5+ 59. Kc7 Nf7 60. Bb5 Nd6 61. Bd7 Nc4 62. Be6 Nd6 63. Kc6 Nc4 64. Kc5 Nd6 65. Bg4 Ne4+ 66. Kd4 Nd6 67. Ke5 Nc4+ 68. Kf4 Kf6 69. Bc8 Nd6 70. Bd7 Nc4 71. Be6 Nd6 72. Kg4 Nb5 73. Bf5 Nc7 74. d6 Nxa6 75. Kxh4 Nc5 76. Kg4 a5 77. h4 a4 78. h5 a3 79. Bb1 Ke6 80. h6 1-0

[Event "December 19 Early 2023"]
[Site "https://www.chess.com"]
[Date "2023.12.19"]
[Round "1"]
[White "Garagulya, Konstantin"]
[Black "Steinberg, Nitzan"]
[Result "0-1"]
[Board "48"]
[TimeControl "180+1"]
[WhiteFideId "4128931"]
[BlackFideId "2801795"]
[WhiteElo "2329"]
[BlackElo "2486"]
[WhiteTeam "RUS"]
[BlackTeam "ISR"]
[WhiteClock "0:00:03"]
[BlackClock "0:01:54"]

1. Nf3 d5 2. d4 Nf6 3. c4 c6 4. Qc2 dxc4 5. Qxc4 e6 6. Bg5 b5 7. Qc2 Bb7 8. Nbd2 Nbd7 9. e4 h6 10. Bh4 g5 11. Bg3 a6 12. a4 Rc8 13. Qb3 Qa5 14. h4 g4 15. Ne5 Nxe4 16. Qe3 Nxd2 17. axb5 Qxa1+ 0-1

[Event "December 19 Early 2023"]
[Site "https://www.chess.com"]
[Date "2023.12.19"]
[Round "1"]
[White "Kovalev, Vladislav"]
[Black "Buksa, Nataliya"]
[Result "1-0"]
[Board "49"]
[TimeControl "180+1"]
[WhiteFideId "13504398"]
[BlackFideId "14123622"]
[WhiteElo "2539"]
[BlackElo "2316"]
[WhiteTeam "FID"]
[BlackTeam "UKR"]
[WhiteClock "0:00:15"]
[BlackClock "0:00:01"]

1. e4 c5 2. Nf3 Nc6 3. Nc3 e5 4. Bc4 Be7 5. d3 Nf6 6. Nd2 d6 7. Nf1 O-O 8. Ne3 a6 9. a3 b5 10. Ba2 Be6 11. O-O Nd4 12. Ncd5 Nxd5 13. Nxd5 Ra7 14. c3 Nc6 15. f4 exf4 16. Bxf4 Bg5 17. Bg3 Ne7 18. Nxe7+ Rxe7 19. Qh5 Be3+ 20. Kh1 Bxa2 21. Rxa2 Re6 22. Qe2 Bg5 23. Rf5 Bf6 24. Ra1 Be5 25. Qg4 Rg6 26. Qf3 Bxg3 27. hxg3 Qe7 28. Rf1 Re6 29. b4 c4 30. dxc4 bxc4 31. Rf4 Rh6+ 32. Kg1 Qa7+ 33. Qf2 Qxf2+ 34. Kxf2 Re6 35. Rd1 a5 36. b5 g6 37. a4 Rc8 38. Rd5 Kf8 39. g4 h6 40. Ke3 Ke7 41. Kd4 Rb8 42. Rf1 Rb6 43. Rh1 g5 44. Rf1 Rb8 45. Rdf5 f6 46. Rh1 Kf7 47. Rxh6 Rbe8 48. Kxc4 Rxe4+ 49. Kb3 Rxg4 50. Rhxf6+ Ke7 51. Rg6 Rxg2 52. Rgxg5 Rxg5 53. Rxg5 Kd7 54. Rg7+ Kc8 55. Ra7 Re1 56. Rxa5 Kb7 57. Ra6 Rd1 58. Kc4 Rd2 59. Rc6 Rd1 60. a5 Rd2 61. a6+ Kb8 62. b6 Rd1 63. b7 Ra1 64. Rc8+ Ka7 65. b8=Q+ 1-0

[Event "December 19 Early 2023"]
[Site "https://www.chess.com"]
[Date "2023.12.19"]
[Round "1"]
[White "Azali, Tannaz"]
[Black "Zakhartsov, Vladimir"]
[Result "0-1"]
[Board "50"]
[TimeControl "180+1"]
[WhiteFideId "12537721"]
[BlackFideId "4145097"]
[WhiteElo "1828"]
[BlackElo "2448"]
[WhiteTeam "IRI"]
[BlackTeam "RUS"]
[WhiteClock "0:00:06"]
[BlackClock "0:00:20"]

1. e4 c5 2. Nc3 Nc6 3. Bb5 Nd4 4. Nf3 Nxb5 5. Nxb5 a6 6. Nc3 d6 7. d4 cxd4 8. Qxd4 h6 9. O-O e5 10. Qb4 Nf6 11. Be3 Be7 12. Bb6 Qd7 13. Rad1 Qc6 14. Rfe1 Be6 15. Qa5 O-O 16. Rd2 Rfc8 17. h3 Qe8 18. Red1 Rc4 19. b3 Rc6 20. Nd5 Nxe4 21. Nc7 Rxc7 22. Bxc7 Nxd2 23. Rxd2 Qc6 24. c4 Rc8 25. Bb6 Bxh3 26. Nxe5 dxe5 27. gxh3 Qg6+ 28. Kf1 Qf5 29. Qd5 Qxh3+ 30. Ke1 Rc6 31. Rd3 Qf5 32. c5 Rg6 33. Rf3 Qb1+ 34. Ke2 Qxa2+ 35. Kd3 Qb1+ 36. Kc3 Qc1+ 37. Kd3 Qd1+ 38. Kc4 Rg4+ 0-1

[Event "December 19 Early 2023"]
[Site "https://www.chess.com"]
[Date "2023.12.19"]
[Round "1"]
[White "Mitrabha, Guha"]
[Black "Van Foreest, Machteld"]
[Result "1-0"]
[Board "51"]
[TimeControl "180+1"]
[WhiteFideId "5057000"]
[BlackFideId "1051563"]
[WhiteElo "2512"]
[BlackElo "2212"]
[WhiteTeam "IND"]
[BlackTeam "NED"]
[WhiteClock "0:01:57"]
[BlackClock "0:00:14"]

1. Nf3 Nf6 2. d4 g6 3. g3 Bg7 4. Bg2 O-O 5. O-O d5 6. c4 c6 7. cxd5 cxd5 8. Nc3 Nc6 9. Ne5 Ne4 10. Nxc6 bxc6 11. Nxe4 dxe4 12. Bxe4 Bxd4 13. Bh6 Bg7 14. Bxg7 Kxg7 15. Bxc6 Rb8 16. b3 Ba6 17. Bf3 Qa5 18. Qd4+ e5 19. Qxa7 Rfe8 20. Rfd1 Qb5 21. Rd5 Qb7 22. Qxb7 Bxb7 23. Rd7 Bxf3 24. exf3 Rec8 25. Re1 Rc2 26. Ra7 Rd8 27. Rxe5 Rdd2 28. Ree7 Rxf2 29. Rxf7+ Kg8 30. Rg7+ Kf8 31. Rgf7+ Kg8 32. Rfd7 Rxf3 33. Rd8+ Rf8 34. Rxf8+ Kxf8 35. b4 Rb2 36. a3 Ke8 37. Rxh7 1-0

[Event "December 19 Early 2023"]
[Site "https://www.chess.com"]
[Date "2023.12.19"]
[Round "1"]
[White "Ljukin, Sergei"]
[Black "Kamsky, Gata"]
[Result "0-1"]
[Board "52"]
[TimeControl "180+1"]
[WhiteFideId "14102200"]
[BlackFideId "2000024"]
[WhiteElo "2319"]
[BlackElo "2660"]
[WhiteTeam "UKR"]
[BlackTeam "USA"]
[WhiteClock "0:00:33"]
[BlackClock "0:01:09"]

1. e4 c5 2. Nf3 Nc6 3. d4 cxd4 4. Nxd4 Qb6 5. c3 Nf6 6. Bd3 g6 7. O-O Bg7 8. Na3 O-O 9. Be3 Qc7 10. Rc1 d5 11. exd5 Nxd5 12. Bg5 Nxd4 13. cxd4 Qd8 14. Re1 b6 15. Be4 Rb8 16. Nb5 a6 17. Bxd5 Qxd5 18. Nc7 Qxg5 0-1

[Event "December 19 Early 2023"]
[Site "https://www.chess.com"]
[Date "2023.12.19"]
[Round "1"]
[White "Jumabayev, Rinat"]
[Black "Czerw, Dawid"]
[Result "1-0"]
[Board "53"]
[TimeControl "180+1"]
[WhiteFideId "13702661"]
[BlackFideId "1145746"]
[WhiteElo "2561"]
[BlackElo "2144"]
[WhiteTeam "KAZ"]
[BlackTeam "POL"]
[WhiteClock "0:00:08"]
[BlackClock "0:00:00"]

1. d4 d5 2. c4 c6 3. Nf3 Nf6 4. g3 Bf5 5. Nc3 e6 6. Nh4 Bg4 7. Qb3 Qb6 8. c5 Qc7 9. Bf4 Qc8 10. f3 Bh5 11. e4 Be7 12. Bh3 Nfd7 13. Bd6 g5 14. g4 Bg6 15. Nxg6 hxg6 16. Bg2 Bxd6 17. cxd6 Nb6 18. O-O-O N8d7 19. Kb1 a5 20. a3 Nc4 21. e5 b5 22. Bf1 a4 23. Qb4 Nb8 24. Bxc4 bxc4 25. Nxa4 Nd7 26. Nc5 Rb8 27. Qc3 Nxc5 28. dxc5 Rb3 29. Qc1 O-O 30. h4 Qb7 31. Rh2 Rb8 32. Ka2 c3 33. bxc3 Rb1 34. Qxb1 1-0

[Event "December 19 Early 2023"]
[Site "https://www.chess.com"]
[Date "2023.12.19"]
[Round "1"]
[White "Hernando Rodrigo, Julio Antonio"]
[Black "Harutjunyan, Gevorg"]
[Result "0-1"]
[Board "54"]
[TimeControl "180+1"]
[WhiteFideId "2208350"]
[BlackFideId "13300873"]
[WhiteElo "2260"]
[BlackElo "2436"]
[WhiteTeam "ESP"]
[BlackTeam "ARM"]
[WhiteClock "0:02:04"]
[BlackClock "0:01:52"]

1. d4 Nf6 2. c4 g6 3. Nc3 Bg7 4. e4 d6 5. Be2 O-O 6. Nf3 Na6 7. O-O e5 8. Be3 c6 9. dxe5 dxe5 10. Qc2 Qe7 11. h3 Nh5 12. c5 Nxc5 13. Nd5 cxd5 14. Qxc5 Qxc5 15. Bxc5 dxe4 16. Bxf8 exf3 17. Bxg7 fxe2 18. Rfe1 Kxg7 19. Rxe2 Kf6 20. Rc1 Nf4 21. Rd2 Be6 22. Rc7 b6 23. b3 Nd5 24. Rb7 Bc8 0-1

[Event "December 19 Early 2023"]
[Site "https://www.chess.com"]
[Date "2023.12.19"]
[Round "1"]
[White "Szpar, Milosz"]
[Black "Nilsen, Tobias Lang"]
[Result "1-0"]
[Board "55"]
[TimeControl "180+1"]
[WhiteFideId "1184989"]
[BlackFideId "1521624"]
[WhiteElo "2446"]
[BlackElo "2221"]
[WhiteTeam "POL"]
[BlackTeam "NOR"]
[WhiteClock "0:00:14"]
[BlackClock "0:00:14"]

1. e4 e6 2. d4 d5 3. Nc3 Bb4 4. Ne2 Nc6 5. a3 Ba5 6. b4 Bb6 7. Bb2 Nge7 8. Na4 O-O 9. Qd3 Bd7 10. Nxb6 axb6 11. c4 dxe4 12. Qxe4 Ng6 13. Ng3 Qg5 14. Be2 Qf4 15. Qe3 e5 16. d5 Nd4 17. Rc1 Rfe8 18. O-O Nxe2+ 19. Nxe2 Qxe3 20. fxe3 f6 21. Ng3 Rad8 22. Rc3 Ne7 23. e4 Nc8 24. Rc2 Ne7 25. Bc1 Ng6 26. Be3 Ba4 27. Rc3 Rd7 28. h3 Rde7 29. Nf5 Rf7 30. c5 bxc5 31. bxc5 Bb5 32. Rb1 Bd7 33. Ng3 Rb8 34. c6 Bc8 35. Ba7 Ra8 36. cxb7 Bxb7 37. Rxb7 c5 38. dxc6 Rxa7 39. Rxa7 Rxa7 40. c7 Ra8 41. c8=Q+ Rxc8 42. Rxc8+ Kf7 43. Rc7+ Ke6 44. Nf5 Nf4 45. Re7# 1-0

[Event "December 19 Early 2023"]
[Site "https://www.chess.com"]
[Date "2023.12.19"]
[Round "1"]
[White "Shishkov, Andrei"]
[Black "Margvelashvili, Giorgi"]
[Result "1-0"]
[Board "56"]
[TimeControl "180+1"]
[WhiteFideId "4500563"]
[BlackFideId "13602926"]
[WhiteElo "2241"]
[BlackElo "2549"]
[WhiteTeam "EST"]
[BlackTeam "GEO"]
[WhiteClock "0:00:12"]
[BlackClock "0:00:00"]

1. d4 Nf6 2. c4 e6 3. Nc3 Bb4 4. Qc2 c5 5. dxc5 O-O 6. a3 Bxc5 7. Nf3 b6 8. Bg5 Bb7 9. Rd1 Be7 10. e4 h6 11. Bh4 Nh5 12. Bxe7 Qxe7 13. Be2 Nf4 14. O-O Nc6 15. Rfe1 Nxe2+ 16. Qxe2 Rac8 17. Nb5 Ba8 18. Nd6 Rc7 19. b4 a6 20. Qd3 Rb8 21. e5 Nd8 22. h3 f5 23. exf6 Qxf6 24. Ne5 Nc6 25. Nxc6 Bxc6 26. Re3 Rf8 27. f3 Ba8 28. Qd4 Qg6 29. Kh2 Rc6 30. Ne4 Rf7 31. Red3 b5 32. c5 Rc7 33. Nd6 Rf8 34. Ne4 Bc6 35. Qe5 Rcc8 36. Rxd7 Bxd7 37. Rxd7 Kh7 38. Nd6 Rc6 39. Re7 Rf6 40. Ne4 Rf5 41. Qb8 h5 42. Re8 Kh6 43. Rh8+ Qh7 44. Rxh7+ Kxh7 45. Qe8 h4 46. Qxc6 1-0

[Event "December 19 Early 2023"]
[Site "https://www.chess.com"]
[Date "2023.12.19"]
[Round "1"]
[White "Ashraf, Artin"]
[Black "Bon, Michael"]
[Result "1-0"]
[Board "57"]
[TimeControl "180+1"]
[WhiteFideId "22514805"]
[BlackFideId "620696"]
[WhiteElo "2268"]
[BlackElo "2468"]
[WhiteTeam "IRI"]
[BlackTeam "FRA"]
[WhiteClock "0:00:09"]
[BlackClock "0:00:00"]

1. e4 e6 2. d3 d5 3. Nd2 Nf6 4. g3 Nc6 5. Bg2 dxe4 6. Nxe4 Be7 7. Ne2 O-O 8. O-O Nxe4 9. Bxe4 Qd6 10. Nc3 b6 11. Bf4 Qd7 12. d4 Bb7 13. d5 exd5 14. Nxd5 Bd6 15. Nf6+ gxf6 16. Qh5 Rfe8 17. Qxh7+ Kf8 18. Bf5 Re6 19. Bg6 Ne5 20. Bxe5 Rxe5 21. Rae1 Rae8 22. Rd1 Qe6 23. Bh5 Ke7 24. Rd4 Re4 25. Bxf7 Qxf7 26. Rxe4+ Be5 27. Qf5 Bxe4 28. Qxe4 Qe6 29. Re1 Kf7 30. Qh7+ Kf8 31. Re4 Qf7 32. Qf5 1-0

[Event "December 19 Early 2023"]
[Site "https://www.chess.com"]
[Date "2023.12.19"]
[Round "1"]
[White "Dmitrenko, Viktor"]
[Black "Materia, Marco"]
[Result "0-1"]
[Board "58"]
[TimeControl "180+1"]
[WhiteFideId "14110270"]
[BlackFideId "45150451"]
[WhiteElo "2292"]
[BlackElo "2451"]
[WhiteTeam "UKR"]
[BlackTeam "FRA"]
[WhiteClock "0:01:24"]
[BlackClock "0:01:57"]

1. e4 c5 2. Nf3 e6 3. c3 d5 4. e5 d4 5. Bd3 Nc6 6. O-O Nge7 7. Be4 Bd7 8. d3 Ng6 9. Nbd2 Ngxe5 10. Nxe5 Nxe5 11. cxd4 cxd4 12. Bxb7 Rb8 13. Be4 Bd6 14. Nb3 O-O 15. Nxd4 f5 16. Bf3 Qh4 17. Be3 Ng4 18. g3 Qxh2# 0-1

[Event "December 19 Early 2023"]
[Site "https://www.chess.com"]
[Date "2023.12.19"]
[Round "1"]
[White "Yeletsky, Ivan"]
[Black "Rakhimgaliyev, Yerlan"]
[Result "1-0"]
[Board "59"]
[TimeControl "180+1"]
[WhiteFideId "24180327"]
[BlackFideId "13705148"]
[WhiteElo "2379"]
[BlackElo "2261"]
[WhiteTeam "RUS"]
[BlackTeam "KAZ"]
[WhiteClock "0:00:45"]
[BlackClock "0:00:18"]

1. e4 e5 2. Nf3 d6 3. d4 exd4 4. Qxd4 Nf6 5. Bg5 Be7 6. Nc3 Nc6 7. Qd2 O-O 8. O-O-O Be6 9. Bb5 Rb8 10. Rhe1 a6 11. Ba4 b5 12. Bb3 h6 13. Bh4 Nd7 14. Bxe7 Qxe7 15. Kb1 Nc5 16. Bd5 Bd7 17. Bxc6 Bxc6 18. Nd4 Ba8 19. f3 Qh4 20. g4 b4 21. Nce2 Na4 22. Ka1 d5 23. e5 c5 24. Nf5 Qd8 25. Nf4 d4 26. Nxg7 Bxf3 27. Nf5 Bxd1 28. Rxd1 c4 29. Nd5 Qxd5 30. Ne7+ Kg7 31. Nxd5 c3 32. Qxd4 cxb2+ 33. Kb1 Nc3+ 34. Nxc3 bxc3 35. e6+ f6 36. Qxc3 Rfd8 37. Rd7+ Rxd7 38. exd7 Rd8 39. Qc7 1-0

[Event "December 19 Early 2023"]
[Site "https://www.chess.com"]
[Date "2023.12.19"]
[Round "1"]
[White "Serra Canals, Oriol"]
[Black "Livaic, Leon"]
[Result "0-1"]
[Board "60"]
[TimeControl "180+1"]
[WhiteFideId "22276084"]
[BlackFideId "14531534"]
[WhiteElo "2108"]
[BlackElo "2541"]
[WhiteTeam "ESP"]
[BlackTeam "CRO"]
[WhiteClock "0:00:16"]
[BlackClock "0:01:20"]

1. d4 Nf6 2. c4 g6 3. Nf3 Bg7 4. Nc3 O-O 5. g3 d6 6. Bg2 Nbd7 7. O-O e5 8. e4 exd4 9. Nxd4 Re8 10. h3 Nc5 11. Re1 h6 12. Kh2 c6 13. b4 Ne6 14. Be3 a5 15. a3 axb4 16. axb4 Rxa1 17. Qxa1 Nxd4 18. Bxd4 Ng4+ 19. hxg4 Bxd4 20. f3 Qf6 21. Rc1 Be5 22. f4 Bd4 23. c5 Bxg4 24. cxd6 Qxd6 25. e5 Qxb4 26. Qa4 Bxc3 0-1

[Event "December 19 Early 2023"]
[Site "https://www.chess.com"]
[Date "2023.12.19"]
[Round "1"]
[White "Popov, Konstantin"]
[Black "Mazurkiewicz, Michal"]
[Result "1-0"]
[Board "61"]
[TimeControl "180+1"]
[WhiteFideId "34137910"]
[BlackFideId "1124943"]
[WhiteElo "2340"]
[BlackElo "2103"]
[WhiteTeam "FID"]
[BlackTeam "POL"]
[WhiteClock "0:01:30"]
[BlackClock "0:00:00"]

1. e4 d6 2. d4 Nf6 3. Nc3 c6 4. Nf3 Bg4 5. h3 Bh5 6. g4 Bg6 7. Qe2 e6 8. h4 h5 9. g5 Nfd7 10. d5 e5 11. Bh3 Be7 12. Be3 Qa5 13. O-O-O Nc5 14. Bf5 O-O 15. Nd2 Nbd7 16. Nc4 Qa6 17. dxc6 bxc6 18. Nxd6 Qxe2 19. Nxe2 Rfd8 20. Ng3 Rab8 21. a3 a5 22. Rd2 Na4 23. b3 Nc3 24. Rd3 Bxd6 25. Rxd6 Bxf5 26. exf5 Nb5 27. Rxc6 Rdc8 28. Rxc8+ Rxc8 29. a4 Nd4 30. Bxd4 exd4 31. Rd1 Nc5 32. Kb2 d3 33. cxd3 Rb8 34. d4 Nxb3 35. Kc2 Rb4 36. Kc3 Rxa4 37. Kxb3 Rb4+ 38. Kc3 1-0

[Event "December 19 Early 2023"]
[Site "https://www.chess.com"]
[Date "2023.12.19"]
[Round "1"]
[White "DeyanKostov"]
[Black "Bernadskiy, Vitaliy"]
[Result "1/2-1/2"]
[Board "62"]
[TimeControl "180+1"]
[BlackFideId "14100371"]
[WhiteElo "2464"]
[BlackElo "2494"]
[BlackTeam "UKR"]
[WhiteClock "0:00:31"]
[BlackClock "0:00:08"]

1. d4 b6 2. c4 Bb7 3. Nc3 e6 4. a3 f5 5. d5 Bd6 6. g3 Nf6 7. Bg2 Be5 8. e3 Bxc3+ 9. bxc3 Na6 10. Ne2 Nc5 11. O-O O-O 12. a4 Ba6 13. dxe6 dxe6 14. Bxa8 Qxa8 15. Nd4 Bxc4 16. Re1 Rd8 17. Qc2 Nfe4 18. Ba3 Ng5 19. h4 Nf3+ 20. Nxf3 Qxf3 21. Bxc5 bxc5 22. e4 Bd3 23. Qd2 fxe4 24. Re3 Qf5 25. Rae1 Rd5 26. Qb2 h6 27. Qb8+ Kh7 28. Qxc7 a6 29. a5 e5 30. Qc6 Qf7 31. Rxe4 Bxe4 32. Rxe4 Rd2 33. Qxc5 Qf3 34. Re1 e4 35. Qe3 Qxe3 36. Rxe3 Ra2 37. Rxe4 Rxa5 38. Re6 Rc5 39. Rxa6 Rxc3 40. Kg2 Rd3 41. g4 Rc3 42. f3 g5 43. hxg5 hxg5 44. Kg3 Kg7 45. Ra5 Kg6 46. Ra6+ Kg7 47. Ra5 Kg6 48. Ra6+ Kg7 1/2-1/2

[Event "December 19 Early 2023"]
[Site "https://www.chess.com"]
[Date "2023.12.19"]
[Round "1"]
[White "Maksimovic, Bojan"]
[Black "Manukyan, Sargis V."]
[Result "1-0"]
[Board "63"]
[TimeControl "180+1"]
[WhiteFideId "14408120"]
[BlackFideId "13303465"]
[WhiteElo "2527"]
[BlackElo "2236"]
[WhiteTeam "BIH"]
[BlackTeam "ARM"]
[WhiteClock "0:00:21"]
[BlackClock "0:00:07"]

1. a3 Nf6 2. h3 g6 3. d4 Bg7 4. Nc3 c5 5. d5 d6 6. e4 O-O 7. Nf3 e6 8. Bg5 h6 9. Bh4 exd5 10. exd5 Re8+ 11. Be2 Nbd7 12. O-O a6 13. Bg3 Qc7 14. a4 c4 15. Nd2 Nb6 16. a5 Nbxd5 17. Nxd5 Nxd5 18. Nxc4 Be6 19. Ra4 Rad8 20. c3 Bxc3 21. bxc3 Nxc3 22. Qc2 Nxa4 23. Qxa4 Bd7 24. Qa2 Bb5 25. Ne3 Bxe2 26. Qxe2 Qxa5 27. Qb2 b5 28. Ng4 Re6 29. Nxh6+ Kf8 30. Qh8+ Ke7 31. Bh4+ f6 32. Qg7+ Ke8 33. Qf7# 1-0

[Event "December 19 Early 2023"]
[Site "https://www.chess.com"]
[Date "2023.12.19"]
[Round "1"]
[White "Mohammadi, Melika"]
[Black "Pichot, Alan"]
[Result "0-1"]
[Board "64"]
[TimeControl "180+1"]
[WhiteFideId "42529271"]
[BlackFideId "110973"]
[WhiteElo "1901"]
[BlackElo "2592"]
[WhiteTeam "IRI"]
[BlackTeam "ESP"]
[WhiteClock "0:00:00"]
[BlackClock "0:00:04"]

1. e4 c5 2. Nf3 d6 3. d4 cxd4 4. Nxd4 Nf6 5. Nc3 a6 6. f3 e5 7. Nb3 Be6 8. Be3 Nbd7 9. g4 b5 10. g5 Nh5 11. Nd5 h6 12. gxh6 g6 13. Qd2 Bxd5 14. Qxd5 Rc8 15. O-O-O Qf6 16. Be2 Bxh6 17. Bxh6 Rxh6 18. Qxd6 Qxd6 19. Rxd6 Ng3 20. Re1 Rxh2 21. Bd3 Nb8 22. a3 Ke7 23. Rd5 f6 24. Kb1 Nd7 25. Rg1 Rh1 26. Rxh1 Nxh1 27. a4 bxa4 28. Na5 Nc5 29. Bc4 Nf2 30. Rd2 Nh3 31. Rh2 Ng5 32. Rf2 Ncxe4 33. fxe4 Rc5 34. Rg2 Rxa5 35. Bd5 Rc5 36. c3 a3 37. Rc2 axb2 38. Kxb2 f5 39. Rf2 fxe4 40. Bxe4 Nxe4 41. Rg2 Rc6 42. Rg4 Nxc3 43. Rg5 Kf6 44. Rg3 Nd1+ 0-1

[Event "December 19 Early 2023"]
[Site "https://www.chess.com"]
[Date "2023.12.19"]
[Round "1"]
[White "Kravtsiv, Martyn"]
[Black "Tworuszka, Michal"]
[Result "1-0"]
[Board "65"]
[TimeControl "180+1"]
[WhiteFideId "14113147"]
[BlackFideId "1117858"]
[WhiteElo "2689"]
[BlackElo "2459"]
[WhiteTeam "UKR"]
[BlackTeam "POL"]
[WhiteClock "0:00:25"]
[BlackClock "0:00:00"]

1. e4 c5 2. Nf3 d6 3. Bb5+ Nd7 4. d4 cxd4 5. Qxd4 a6 6. Bxd7+ Bxd7 7. O-O e5 8. Qd3 Nf6 9. Bg5 Be7 10. Bxf6 gxf6 11. Nc3 Be6 12. Nh4 Rc8 13. Nd5 Bxd5 14. exd5 Qb6 15. Nf5 Rg8 16. b3 Qc5 17. c4 Rg6 18. Rfe1 Bf8 19. h3 Kd7 20. Re4 Be7 21. Rh4 Rcg8 22. g3 Rh8 23. Kg2 Bd8 24. Re1 Bb6 25. Re2 Qc8 26. b4 Qc7 27. Rc2 Ba7 28. c5 dxc5 29. bxc5 Bxc5 30. Qc4 b6 31. Qxa6 Rg5 32. Qa4+ Kd8 33. Qa8+ Qc8 34. Qxc8+ Kxc8 35. Nd6+ Kd7 36. Nxf7 Rgg8 37. Nxh8 Rxh8 38. Rh6 Kd6 39. Rxf6+ Kxd5 40. Rd2+ Kc4 41. h4 e4 42. Re6 Kc3 43. Re2 e3 44. fxe3 Ra8 45. h5 Kd3 46. Rf2 Ra7 47. h6 Rc7 48. Kh3 Rd7 49. g4 Rc7 50. g5 Rd7 51. Kg4 Kc3 52. g6 hxg6 53. Rxg6 Bxe3 54. Rf3 Kd2 55. Rh3 Rh7 56. Rd6+ Ke2 57. Re6 1-0

[Event "December 19 Early 2023"]
[Site "https://www.chess.com"]
[Date "2023.12.19"]
[Round "1"]
[White "Bagrationi, Alexander"]
[Black "Klymchuk, Andriy"]
[Result "0-1"]
[Board "66"]
[TimeControl "180+1"]
[WhiteFideId "14104954"]
[BlackFideId "14140063"]
[WhiteElo "2366"]
[BlackElo "2487"]
[WhiteTeam "ISR"]
[BlackTeam "UKR"]
[WhiteClock "0:00:00"]
[BlackClock "0:00:15"]

1. d4 Nf6 2. c4 c5 3. d5 b5 4. cxb5 a6 5. bxa6 g6 6. Nc3 Bg7 7. e4 O-O 8. Nf3 Qa5 9. Nd2 Bxa6 10. Bxa6 Qxa6 11. Qe2 Qxe2+ 12. Kxe2 d6 13. Nc4 Nbd7 14. f3 Rfb8 15. Kd3 Nb6 16. Nxb6 Rxb6 17. b3 Nd7 18. Bb2 c4+ 19. Kc2 cxb3+ 20. axb3 Rab8 21. Ra3 Nc5 22. Rb1 Nxb3 23. Bc1 Nd4+ 24. Kd3 Rxb1 25. Nxb1 h5 26. Nc3 Nb3 27. Be3 Bf6 28. Kc4 Nc5 29. Bxc5 dxc5 30. Rb3 Rc8 31. Na4 h4 32. Nxc5 Be5 33. h3 Bd6 34. Rb5 f6 35. Kd4 Ra8 36. Nd3 Ra2 37. f4 Rd2 38. Ke3 Rxg2 39. e5 fxe5 40. fxe5 Rg3+ 41. Ke4 Bc7 42. Rb7 Ba5 43. Rxe7 Rxh3 44. d6 Rg3 45. Ra7 h3 46. Rxa5 h2 47. Nf2 Kf7 48. Ra7+ Ke8 49. e6 Rg4+ 50. Ke5 Rg5+ 0-1

[Event "December 19 Early 2023"]
[Site "https://www.chess.com"]
[Date "2023.12.19"]
[Round "1"]
[White "Beerdsen, Thomas"]
[Black "Kanyamarala, Trisha"]
[Result "1-0"]
[Board "67"]
[TimeControl "180+1"]
[WhiteFideId "1030108"]
[BlackFideId "45004722"]
[WhiteElo "2550"]
[BlackElo "2078"]
[WhiteTeam "NED"]
[BlackTeam "IRL"]
[WhiteClock "0:01:42"]
[BlackClock "0:00:01"]

1. e4 c5 2. Nf3 Nc6 3. Bc4 e6 4. O-O d5 5. Bb5 Nf6 6. exd5 exd5 7. d4 c4 8. Bg5 Be7 9. Ne5 Qb6 10. Nc3 O-O 11. Bxc6 bxc6 12. Re1 Be6 13. Na4 Qc7 14. Qf3 Rac8 15. c3 h6 16. Bh4 Ne4 17. Bxe7 Qxe7 18. Qf4 g5 19. Qe3 Kg7 20. f3 Nd6 21. Nc5 Nb7 22. b4 Nxc5 23. dxc5 Bf5 24. Qd4 Qf6 25. a4 Rfe8 26. b5 cxb5 27. axb5 Re7 28. Nc6 Rb7 29. Nxa7 Ra8 30. b6 Qxd4+ 31. cxd4 c3 32. c6 Rxb6 33. Rec1 c2 34. g4 Bd3 35. c7 Rb1 36. c8=Q Rxa7 37. Raxb1 cxb1=Q 38. Rxb1 Bxb1 39. Qb8 Ra1 40. Qb2 Ra4 41. Qxb1 Rxd4 42. Qb2 Kg6 43. Qxd4 h5 44. Qxd5 hxg4 45. fxg4 f5 46. Qxf5+ Kh6 47. Qf6+ Kh7 48. Qxg5 Kh8 49. Kf2 Kh7 50. Kf3 Kh8 51. Kf4 Kh7 52. Kf5 Kh8 53. Kf6 Kh7 54. Kf7 1-0

[Event "December 19 Early 2023"]
[Site "https://www.chess.com"]
[Date "2023.12.19"]
[Round "1"]
[White "Eilers, Stefan"]
[Black "Klukin, Kirill"]
[Result "0-1"]
[Board "68"]
[TimeControl "180+1"]
[WhiteFideId "4609565"]
[BlackFideId "24199273"]
[WhiteElo "2456"]
[BlackElo "2348"]
[WhiteTeam "GER"]
[BlackTeam "RUS"]
[WhiteClock "0:00:02"]
[BlackClock "0:00:08"]

1. d4 Nf6 2. Bg5 e6 3. e4 d6 4. Nc3 h6 5. Bxf6 Qxf6 6. Qd2 Nd7 7. O-O-O g6 8. f4 Bg7 9. e5 Qe7 10. Nb5 Nb6 11. Qc3 Nd5 12. Qa3 dxe5 13. Qxe7+ Kxe7 14. fxe5 a6 15. Nc3 Nxc3 16. bxc3 c5 17. Nf3 b5 18. Bd3 Bb7 19. Rhe1 Rhd8 20. Be4 Bxe4 21. Rxe4 Rac8 22. Kb2 cxd4 23. cxd4 Rc4 24. c3 b4 25. Rd3 Rdc8 26. Ree3 Kd7 27. Kb3 Bf8 28. Nd2 R4c7 29. Ne4 bxc3 30. Rxc3 Rb7+ 31. Kc2 Rxc3+ 32. Rxc3 Be7 33. Rb3 Rc7+ 34. Kd3 a5 35. a4 Bb4 36. Rb1 Kc8 37. Rb2 Kb7 38. Rc2 Rd7 39. Nc5+ Bxc5 40. Rxc5 Kb6 41. Rb5+ Ka6 42. Kc4 Rc7+ 43. Rc5 Rb7 44. d5 Rb4+ 45. Kc3 exd5 46. Rxd5 Rxa4 47. Rd6+ Kb5 48. Rf6 Re4 49. Rxf7 Rxe5 50. Rf6 Rg5 51. g3 h5 52. Rf4 Rg4 53. Rf8 a4 54. Rb8+ Kc5 55. Ra8 Kd5 56. Kd3 Rb4 57. Ra6 Rg4 58. Ra5+ Kc6 59. Ra6+ Kb5 60. Ra8 Kb4 61. Rb8+ Ka3 62. Rb6 Ka2 63. Kc3 a3 64. Kc2 Rg5 65. Kd3 Rd5+ 66. Kc3 Rc5+ 67. Kd3 g5 68. Rb7 Rc1 69. h4 gxh4 70. gxh4 Rh1 71. Rb4 Rh3+ 72. Kc2 Rh2+ 73. Kc3 Rb2 74. Ra4 Rb3+ 75. Kc2 Rb7 76. Ra5 Rc7+ 77. Kd2 Kb3 78. Rb5+ Ka4 79. Rb8 Ra7 80. Kc2 Rc7+ 81. Kb1 Rc4 82. Ra8+ Kb3 83. Rb8+ Kc3 84. Ka2 Rxh4 85. Kxa3 Kd2 86. Rd8+ Ke3 87. Kb3 Rd4 88. Re8+ Re4 89. Rh8 h4 90. Kc3 Kf3 91. Rh7 Kg3 92. Kd3 Re8 93. Kd2 h3 94. Rg7+ Kf3 95. Rf7+ Kg2 96. Rg7+ Kh2 97. Rh7 Re5 98. Kd3 Re1 99. Kd2 Re6 100. Kd3 Rg6 101. Ke3 Kg2 102. Rxh3 Kxh3 0-1